[Event "Titled Tuesday Blitz February 21 Early 2023"]
[White "The_Sherman_Variation"]
[Black "Lagno, Kateryna"]
[BlackFideId "14109336"]
[WhiteElo "2513"]
[BlackElo "2558"]
[Result "0-1"]
[Round "06"]
[TimeControl "180+2"]
[Date "2023.02.21"]
[WhiteClock "0:00:17"]
[BlackClock "0:00:08"]

1. d4 Nf6 2. Bf4 c5 3. e3 Qb6 4. b3 Nd5 5. Bg3 cxd4 6. Qxd4 Qxd4 7. exd4 Nb4 8. Kd1 d6 9. c3 Nd5 10. Bd3 Nc6 11. Be4 Nf6 12. Bxc6+ bxc6 13. Nd2 g6 14. Ngf3 Bg7 15. Re1 Kd7 16. Kc2 Re8 17. Rad1 h6 18. c4 Nh5 19. Ne4 Nxg3 20. Nxg3 a5 21. a4 Rb8 22. Re3 e6 23. Rde1 f5 24. Ne2 g5 25. h3 Re7 26. Nd2 f4 27. Rd3 Kc7 28. Nc3 Bd7 29. d5 Bxc3 30. Kxc3 Rbe8 31. dxc6 Bxc6 32. f3 Rb8 33. Ne4 d5 34. Nf6 dxc4 35. Kxc4 Rb4+ 36. Kc3 e5 37. Nd5+ Bxd5 38. Rxd5 Kc6 39. Rxa5 Reb7 40. Ra6+ Kc7 41. Rxh6 Rxb3+ 42. Kc4 R3b4+ 43. Kd5 Rxa4 44. Rc1+ Kb8 45. Kxe5 Rb5+ 46. Kf6 Ra6+ 47. Kg7 Rb7+ 48. Kf8 Rxh6 49. Rc5 Rh8# 0-1


[Site "https://www.chess.com"]

[Event "Titled Tuesday Blitz February 21 Early 2023"]
[White "EREBUNI91"]
[Black "Shapiro, Viktor"]
[BlackFideId "4175700"]
[WhiteElo "2722"]
[BlackElo "2192"]
[Result "0-1"]
[Round "06"]
[TimeControl "180+2"]
[Date "2023.02.21"]
[WhiteClock "0:01:33"]
[BlackClock "0:01:21"]

1. e4 Nf6 2. e5 Nd5 3. d4 d6 4. c4 Nb6 5. exd6 cxd6 6. Nc3 g6 7. Nf3 Bg4 8. Be3 Bg7 9. Be2 Nc6 10. b3 O-O 11. h3 Bxf3 12. Bxf3 e5 13. dxe5 dxe5 14. Bxc6 bxc6 15. Qxd8 Rfxd8 16. Rd1 f5 17. Ke2 e4 18. Rxd8+ Rxd8 19. Rd1 Rxd1 20. Nxd1 Kf7 21. f3 exf3+ 22. Kxf3 Ke6 23. Nf2 Be5 24. Nd3 Bb8 25. a4 Nd7 26. Nb4 Ne5+ 27. Ke2 Bd6 28. Na6 Nd7 29. Bxa7 c5 30. Bb8 Bxb8 31. Nxb8 Nxb8 32. a5 Na6 33. Ke3 Ke5 34. h4 h6 35. g3 g5 0-1


[Site "https://www.chess.com"]

[Event "Titled Tuesday Blitz February 21 Early 2023"]
[White "Arenas, David"]
[Black "Costachi, Mihnea"]
[WhiteFideId "4403177"]
[BlackFideId "1217518"]
[WhiteElo "2426"]
[BlackElo "2476"]
[Result "0-1"]
[Round "06"]
[TimeControl "180+2"]
[Date "2023.02.21"]
[WhiteClock "0:00:05"]
[BlackClock "0:01:12"]

1. d4 d5 2. c4 dxc4 3. e3 e5 4. Bxc4 exd4 5. exd4 Nf6 6. Nf3 Be7 7. h3 O-O 8. O-O Nbd7 9. Nc3 Nb6 10. Bd3 Nbd5 11. Re1 h6 12. Bd2 b6 13. Rc1 Bb7 14. Bb1 Re8 15. Ne5 c5 16. dxc5 Bxc5 17. Nd3 Rxe1+ 18. Qxe1 Nxc3 19. Bxc3 Qd5 20. Qf1 Bd4 21. Nf4 Qe5 22. Bxd4 Qxd4 23. Qc4 Qxb2 24. Nd3 Qd2 25. Qc7 Bd5 26. Ne5 Re8 27. Bf5 Qg5 28. g4 Qf4 29. Re1 g6 30. Bd7 Nxd7 31. Nxd7 Rxe1# 0-1


[Site "https://www.chess.com"]

[Event "Titled Tuesday Blitz February 21 Early 2023"]
[White "Korchmar, Vasiliy"]
[Black "Alinasab, Mobina"]
[WhiteFideId "24131750"]
[BlackFideId "12528897"]
[WhiteElo "2438"]
[BlackElo "2347"]
[Result "1-0"]
[Round "06"]
[TimeControl "180+2"]
[Date "2023.02.21"]
[WhiteClock "0:00:55"]
[BlackClock "0:00:07"]

1. e4 c5 2. Nf3 e6 3. g3 d5 4. exd5 Qxd5 5. Bg2 Nc6 6. O-O Nf6 7. Nc3 Qd8 8. d4 cxd4 9. Nb5 Bc5 10. Bf4 Nd5 11. Ne5 Nxf4 12. Nxc6 bxc6 13. gxf4 Qb6 14. b4 Qxb5 15. a4 Qb6 16. a5 Qb5 17. bxc5 Qxc5 18. Ra4 O-O 19. Qxd4 Qxd4 20. Rxd4 Ba6 21. Rfd1 Bb5 22. c4 Ba6 23. Bxc6 Rac8 24. Bb5 Bxb5 25. cxb5 Rc5 26. Rb1 Rb8 27. b6 Rxa5 28. b7 Rc5 29. Rd8+ 1-0


[Site "https://www.chess.com"]

[Event "Titled Tuesday Blitz February 21 Early 2023"]
[White "Turzo, Attila"]
[Black "Liyanage, Ranindu Dilshan"]
[WhiteFideId "704954"]
[BlackFideId "9915834"]
[WhiteElo "2279"]
[BlackElo "2342"]
[Result "0-1"]
[Round "06"]
[TimeControl "180+2"]
[Date "2023.02.21"]
[WhiteClock "0:00:02"]
[BlackClock "0:00:40"]

1. d4 Nf6 2. c4 e6 3. Nf3 d5 4. Nc3 Bb4 5. Bg5 Nbd7 6. e3 c5 7. cxd5 exd5 8. dxc5 Qa5 9. Bxf6 Nxf6 10. Nd2 Bxc3 11. bxc3 Qxc5 12. c4 d4 13. e4 O-O 14. Bd3 Ng4 15. O-O Be6 16. h3 Ne5 17. Qe2 Rfd8 18. f4 Nxd3 19. Qxd3 f5 20. e5 Rac8 21. Rfc1 b5 22. Nb3 Qb4 23. cxb5 Bc4 24. Qd2 Qxb5 25. Nxd4 Qc5 26. Rd1 Rd5 27. Qf2 Rcd8 28. Kh2 Rxd4 29. Rxd4 Qxd4 30. Qxd4 Rxd4 31. Kg3 Bd5 32. a3 Rd2 33. Rg1 Kf7 34. Kh4 Rxg2 35. Rd1 Ke6 36. a4 h6 37. a5 g5+ 0-1


[Site "https://www.chess.com"]

[Event "Titled Tuesday Blitz February 21 Early 2023"]
[White "Kokoszczynski, Jan"]
[Black "Hasangatin, Ramil"]
[WhiteFideId "1174460"]
[BlackFideId "4122160"]
[WhiteElo "2247"]
[BlackElo "2457"]
[Result "0-1"]
[Round "06"]
[TimeControl "180+2"]
[Date "2023.02.21"]
[WhiteClock "0:00:01"]
[BlackClock "0:00:57"]

1. e4 d5 2. exd5 Qxd5 3. Nc3 Qd6 4. d4 Nf6 5. Nf3 c6 6. g3 Bg4 7. Bg2 e6 8. O-O Be7 9. h3 Bxf3 10. Bxf3 O-O 11. a3 Qd8 12. Be3 Nbd7 13. Bg2 Nb6 14. Qe2 Nbd5 15. Nxd5 cxd5 16. c3 Rb8 17. Bf4 Bd6 18. Bg5 h6 19. Be3 b5 20. g4 a5 21. h4 Nh7 22. h5 f5 23. Bd2 Qf6 24. f4 Rbe8 25. Rae1 b4 26. axb4 axb4 27. Ra1 bxc3 28. bxc3 Qh4 29. Ra6 Bb8 30. Rxe6 Rxe6 31. Qxe6+ Kh8 32. gxf5 Nf6 33. Qe1 Qxh5 34. Qg3 Qxf5 35. Re1 Nh5 36. Qf3 Bxf4 37. Rf1 Qg5 38. Bxf4 Nxf4 39. Rf2 Qh4 40. Qe3 Rf6 41. Qe8+ Kh7 42. Qe3 Qg4 43. Qe5 Nh3+ 44. Kh2 Nxf2 0-1


[Site "https://www.chess.com"]

[Event "Titled Tuesday Blitz February 21 Early 2023"]
[White "Csonka, Balazs"]
[Black "Reprintsev, Alexander"]
[WhiteFideId "742910"]
[BlackFideId "14100541"]
[WhiteElo "2496"]
[BlackElo "2253"]
[Result "1-0"]
[Round "06"]
[TimeControl "180+2"]
[Date "2023.02.21"]
[WhiteClock "0:00:11"]
[BlackClock "0:01:15"]

1. d4 d5 2. c4 e5 3. e3 exd4 4. exd4 Nf6 5. Nc3 Nc6 6. Nf3 Bg4 7. cxd5 Nxd5 8. Bc4 Bb4 9. O-O Nxc3 10. bxc3 Bxc3 11. Bxf7+ Kxf7 12. Qb3+ Kg6 13. Qxc3 Bxf3 14. Qd3+ Kf7 15. Qxf3+ Qf6 16. Qb3+ Kg6 17. Bb2 Qd6 18. d5 Ne7 19. Rfe1 Nxd5 20. Be5 Qd7 21. Qg3+ Kh6 22. Re4 g5 23. Bxh8 Rxh8 24. Re5 Rg8 25. h4 g4 26. Rd1 c6 27. Rdxd5 cxd5 28. Qf4+ Kg7 29. Rg5+ Kh8 30. Qf6+ Qg7 31. Rxg7 Rxg7 32. Qd8+ 1-0


[Site "https://www.chess.com"]

[Event "Titled Tuesday Blitz February 21 Early 2023"]
[White "Balla, Tamas-Kristof"]
[Black "Alex_Sahakyan2006"]
[WhiteFideId "1208497"]
[WhiteElo "2303"]
[BlackElo "2664"]
[Result "1-0"]
[Round "06"]
[TimeControl "180+2"]
[Date "2023.02.21"]
[WhiteClock "0:00:50"]
[BlackClock "0:00:40"]

1. e4 c6 2. d4 d5 3. exd5 cxd5 4. c4 Nf6 5. Nc3 Nc6 6. Bg5 dxc4 7. d5 Na5 8. Bxc4 Nxc4 9. Qa4+ Bd7 10. Qxc4 h6 11. Bxf6 gxf6 12. Nf3 Rg8 13. g3 Rc8 14. Qe4 f5 15. Qe3 Bg7 16. O-O Qb6 17. Qd2 f4 18. Qxf4 Qxb2 19. Ne4 Qb5 20. Rfe1 Kf8 21. Rad1 Re8 22. Nd6 Qb6 23. Qxf7# 1-0


[Site "https://www.chess.com"]

[Event "Titled Tuesday Blitz February 21 Early 2023"]
[White "Karas, Marek"]
[Black "Shuvalova, Polina"]
[WhiteFideId "14928558"]
[BlackFideId "24171760"]
[WhiteElo "2227"]
[BlackElo "2484"]
[Result "0-1"]
[Round "06"]
[TimeControl "180+2"]
[Date "2023.02.21"]
[WhiteClock "0:00:02"]
[BlackClock "0:00:23"]

1. d4 Nf6 2. Nf3 d5 3. c4 e6 4. Nc3 c5 5. cxd5 Nxd5 6. e4 Nxc3 7. bxc3 cxd4 8. cxd4 Bb4+ 9. Bd2 Bxd2+ 10. Qxd2 O-O 11. Bc4 Nd7 12. O-O b6 13. Rad1 Bb7 14. Rfe1 Nf6 15. Qf4 Rc8 16. Bd3 Qc7 17. Qh4 h6 18. h3 Rfd8 19. Bb1 b5 20. d5 exd5 21. e5 Ne4 22. Qf4 Nc3 23. Rd2 Ne4 24. Rdd1 Re8 25. Bd3 b4 26. Rb1 a5 27. Rbc1 Qb6 28. Rcd1 a4 29. Bxe4 dxe4 30. Nd4 Qc5 31. Nf5 Qxe5 32. Qg4 Rc6 33. Rxe4 Rg6 34. Rxe5 Rxe5 35. Qf4 Rxg2+ 36. Kf1 Re6 37. Rd8+ Kh7 38. f3 Reg6 39. Nh4 Ba6+ 40. Ke1 Re2+ 41. Kf1 Rh2+ 42. Ke1 Rg1# 0-1


[Site "https://www.chess.com"]

[Event "Titled Tuesday Blitz February 21 Early 2023"]
[White "Iskusnyh, Sergei"]
[Black "Garv Gaur"]
[WhiteFideId "4120027"]
[BlackFideId "45030839"]
[WhiteElo "2440"]
[BlackElo "2006"]
[Result "1-0"]
[Round "06"]
[TimeControl "180+2"]
[Date "2023.02.21"]
[WhiteClock "0:00:16"]
[BlackClock "0:00:22"]

1. d4 Nf6 2. c4 e6 3. g3 Bb4+ 4. Bd2 Qe7 5. Bg2 O-O 6. Nc3 d6 7. e3 e5 8. Nge2 c6 9. O-O Bf5 10. a3 Ba5 11. e4 Bg4 12. f3 Bh5 13. b4 Bc7 14. Be3 Nbd7 15. Qd2 Nb6 16. Qd3 Rfd8 17. d5 Bg6 18. Bg5 Nbd7 19. dxc6 bxc6 20. b5 Nc5 21. Qd2 Nb3 22. Qb2 Bb6+ 23. Kh1 Nxa1 24. bxc6 Qe6 25. Nd5 Rdc8 26. Bxf6 gxf6 27. f4 f5 28. Qxa1 Rxc6 29. exf5 Bxf5 30. fxe5 Bd3 31. Nef4 Bxf1 32. Nxe6 fxe6 33. Ne7+ Kf7 34. Qxf1+ Kxe7 35. Bxc6 Rc8 36. Qf6# 1-0


[Site "https://www.chess.com"]

[Event "Titled Tuesday Blitz February 21 Early 2023"]
[White "Ramirez Allo, Eduardo"]
[Black "Kononenko, Dmitry"]
[WhiteFideId "2224178"]
[BlackFideId "14113538"]
[WhiteElo "2274"]
[BlackElo "2256"]
[Result "1-0"]
[Round "06"]
[TimeControl "180+2"]
[Date "2023.02.21"]
[WhiteClock "0:00:13"]
[BlackClock "0:00:18"]

1. Nf3 c5 2. g3 Nc6 3. d4 cxd4 4. Nxd4 g6 5. c4 Bg7 6. Nc2 d6 7. Bg2 Nf6 8. O-O Be6 9. Ne3 Qd7 10. Re1 Bh3 11. Bh1 h5 12. Nc3 h4 13. Ncd5 hxg3 14. hxg3 O-O-O 15. Qa4 Kb8 16. Nxf6 Bxf6 17. Nd5 Bd4 18. Be3 Bxe3 19. Nxe3 Nd4 20. Qxd7 Rxd7 21. Rad1 Nc6 22. Rd2 Be6 23. b3 Rc7 24. Red1 Ne5 25. Nd5 Bxd5 26. Bxd5 f6 27. f4 Ng4 28. Bf3 Ne3 29. Rc1 Rcc8 30. Rc3 Nf5 31. Kg2 Rh7 32. e4 Ng7 33. Kf2 Rh2+ 34. Ke3 Rxd2 35. Kxd2 Rh8 36. Re3 Rh3 37. Bg4 Rh2+ 38. Re2 Rxe2+ 39. Kxe2 Kc7 40. Ke3 e5 41. f5 g5 42. Be2 Kc6 43. b4 Ne8 44. Kf3 b6 45. Kg4 Ng7 46. a3 a5 47. Bd1 axb4 48. axb4 b5 49. Be2 bxc4 50. Bxc4 Kb6 51. Kf3 Ne8 52. Bf7 Nc7 53. Kg4 Na6 54. Kh5 Kb5 55. Kg6 Kxb4 56. Kxf6 Nc5 57. Bd5 g4 58. Ke7 Kc3 59. f6 Kd4 60. f7 Ke3 61. f8=Q 1-0


[Site "https://www.chess.com"]

[Event "Titled Tuesday Blitz February 21 Early 2023"]
[White "Sadubayev, Airat"]
[Black "Baches Garcia, Guillermo"]
[WhiteFideId "13713264"]
[BlackFideId "2209764"]
[WhiteElo "2320"]
[BlackElo "2327"]
[Result "1-0"]
[Round "06"]
[TimeControl "180+2"]
[Date "2023.02.21"]
[WhiteClock "0:00:55"]
[BlackClock "0:00:06"]

1. d4 Nf6 2. c4 e6 3. Nf3 d5 4. g3 Be7 5. Bg2 O-O 6. O-O dxc4 7. Qa4 a6 8. Qxc4 b5 9. Qc2 Bb7 10. Bd2 Be4 11. Qc1 c6 12. Nc3 Bg6 13. Rd1 Nbd7 14. Bg5 Qc7 15. Qf4 Bd6 16. Qh4 h6 17. Bf4 b4 18. Bxd6 Qxd6 19. Nb1 Ne4 20. Nbd2 Nxd2 21. Rxd2 Rac8 22. Qf4 Qxf4 23. gxf4 Rfd8 24. Rad1 Be4 25. Ne5 Bxg2 26. Kxg2 Nf6 27. e3 Nd5 28. Rc1 Ne7 29. Rdc2 Rd6 30. Nd3 a5 31. Ne5 f6 32. Nc4 Rd5 33. Nb6 Rcd8 34. Nxd5 exd5 35. Rxc6 Nxc6 36. Rxc6 Kf7 37. Rc5 Ke6 38. Rxa5 Rc8 39. Rb5 Rc2 40. Rxb4 Kf5 41. Kf3 g5 42. fxg5 hxg5 43. h3 Rc1 44. Rb5 Ke6 45. a4 f5 46. a5 Ra1 47. Rb6+ Ke7 48. a6 1-0


[Site "https://www.chess.com"]

[Event "Titled Tuesday Blitz February 21 Early 2023"]
[White "Degenbaev, Aziz"]
[Black "Belozerov, Andrei"]
[WhiteFideId "13802640"]
[BlackFideId "4120213"]
[WhiteElo "2203"]
[BlackElo "2461"]
[Result "1-0"]
[Round "06"]
[TimeControl "180+2"]
[Date "2023.02.21"]
[WhiteClock "0:00:17"]
[BlackClock "0:00:03"]

1. e4 c5 2. Nf3 Nc6 3. Bb5 g6 4. O-O Bg7 5. c3 Nf6 6. Re1 O-O 7. h3 e5 8. d3 Qc7 9. Be3 d6 10. Nbd2 a6 11. Bxc6 Qxc6 12. Rc1 Re8 13. Nc4 Be6 14. Bg5 Nd7 15. Ne3 h6 16. Bh4 b5 17. d4 exd4 18. cxd4 Qxe4 19. d5 Bf5 20. Nc4 bxc4 21. Rxe4 Rxe4 22. Bg3 Ne5 23. Nxe5 Bxe5 24. Bxe5 Rxe5 25. Rxc4 Rae8 26. Qa4 Re2 27. Rf4 R8e5 28. Qxa6 Kg7 29. Qxd6 Re1+ 30. Kh2 R5e2 31. Qxc5 Rd1 32. Rd4 Rf1 33. Rf4 Bb1 34. d6 Bf5 35. Rxf5 gxf5 36. Qd4+ Kg6 37. d7 Rfxf2 38. Qxf2 Rxf2 39. d8=Q Rxb2 40. Qg8+ Kh5 41. Qxf7+ Kg5 42. Qg7+ Kh5 43. Qxb2 1-0


[Site "https://www.chess.com"]

[Event "Titled Tuesday Blitz February 21 Early 2023"]
[White "Rosen, Eric"]
[Black "Poeta, Caio Medeiros"]
[WhiteFideId "2032562"]
[BlackFideId "2142660"]
[WhiteElo "2349"]
[BlackElo "2088"]
[Result "1-0"]
[Round "06"]
[TimeControl "180+2"]
[Date "2023.02.21"]
[WhiteClock "0:00:10"]
[BlackClock "0:00:01"]

1. d4 Nf6 2. Bf4 g6 3. Nc3 d5 4. e3 Bg7 5. h4 a6 6. Nf3 Bg4 7. Be2 c6 8. Ne5 Bxe2 9. Qxe2 Nbd7 10. O-O-O Nxe5 11. Bxe5 Nh5 12. Bh2 Nf6 13. Be5 Nh5 14. Bh2 Nf6 15. f3 h5 16. Be5 b5 17. e4 b4 18. Na4 dxe4 19. fxe4 O-O 20. Bxf6 Bxf6 21. e5 Bg7 22. g4 hxg4 23. h5 Qd7 24. Qh2 Bh6+ 25. Kb1 g5 26. Nc5 Qd5 27. Rhg1 f5 28. exf6 exf6 29. Rxg4 f5 30. Rgg1 f4 31. Qf2 Rae8 32. Nd3 Kh7 33. Ne5 c5 34. Ng6 Rf6 35. dxc5 Qe4 36. Rd7+ Kg8 37. Qd2 f3 38. Rf1 g4 39. Qxh6 Qe1+ 40. Rd1 f2 41. Qh8+ Kf7 42. Qh7+ 1-0


[Site "https://www.chess.com"]

[Event "Titled Tuesday Blitz February 21 Early 2023"]
[White "Balabayeva, Xeniya"]
[Black "Melikyan, Gnel"]
[WhiteFideId "13719688"]
[BlackFideId "54109990"]
[WhiteElo "2191"]
[BlackElo "2238"]
[Result "0-1"]
[Round "06"]
[TimeControl "180+2"]
[Date "2023.02.21"]
[WhiteClock "0:00:01"]
[BlackClock "0:00:41"]

1. e4 g6 2. d4 Bg7 3. Nc3 c5 4. Be3 Qb6 5. Nd5 Qa5+ 6. c3 e6 7. b4 Qd8 8. Nf4 cxd4 9. cxd4 Nf6 10. Bd3 Nc6 11. Rb1 d6 12. Nf3 a5 13. b5 Nb4 14. a3 Nxd3+ 15. Qxd3 O-O 16. O-O b6 17. Rfd1 Bb7 18. e5 Nd5 19. Bd2 dxe5 20. dxe5 Nxf4 21. Qxd8 Nh3+ 22. Kf1 Rfxd8 23. Be3 Bxf3 24. gxf3 Bxe5 25. Rxd8+ Rxd8 26. Bxb6 Ra8 27. Be3 Nf4 28. b6 Nd5 29. b7 Re8 30. Ba7 Bb8 31. Rc1 Bxa7 32. Rc8 Kf8 33. Ra8 Bb8 0-1


[Site "https://www.chess.com"]

[Event "Titled Tuesday Blitz February 21 Early 2023"]
[White "Rottenwohrer Suarez, Juan"]
[Black "TheKnightOfBosnia"]
[WhiteFideId "32068182"]
[WhiteElo "2265"]
[BlackElo "2616"]
[Result "1-0"]
[Round "06"]
[TimeControl "180+2"]
[Date "2023.02.21"]
[WhiteClock "0:00:07"]
[BlackClock "0:00:18"]

1. Nf3 Nf6 2. g3 b6 3. Bg2 Bb7 4. O-O g6 5. c4 Bg7 6. d4 O-O 7. d5 e6 8. Nc3 a5 9. e4 d6 10. dxe6 fxe6 11. e5 dxe5 12. Nxe5 Bxg2 13. Kxg2 Qd6 14. Qe2 Nc6 15. Nxc6 Qxc6+ 16. Kg1 Rae8 17. Bg5 Nd7 18. Qe4 Qxe4 19. Nxe4 Bxb2 20. Rab1 Bd4 21. Be3 Bxe3 22. fxe3 Rxf1+ 23. Kxf1 Kf7 24. Ke2 Ke7 25. Rb5 Rf8 26. Rb1 Rf5 27. Rc1 Re5 28. Kf3 Nc5 29. Nd2 Rf5+ 30. Ke2 Rf2+ 31. Kxf2 Nd3+ 32. Kf3 Nxc1 33. a3 Nd3 34. Ke4 Nc5+ 35. Ke5 Nd7+ 36. Kd4 Nf6 37. h3 Kd6 38. Nf3 Nd7 39. g4 e5+ 40. Kc3 Nf6 41. Ng5 Ke7 42. Kd3 c6 43. e4 h6 44. Nf3 Nd7 45. Nh4 Kf6 46. Ke3 b5 47. cxb5 cxb5 48. Nf3 Nb6 49. Kd3 Ke6 50. Kc3 Nd7 51. Nd2 Nf6 52. Kb3 h5 53. gxh5 gxh5 54. a4 b4 55. Kc4 h4 56. Kb5 Nxe4 57. Nxe4 b3 58. Nc5+ Kd5 59. Nxb3 e4 60. Kxa5 e3 61. Nc1 Kc4 62. Ne2 Kd3 63. Nf4+ Ke4 64. Ne2 Kf3 65. Nc3 e2 66. Nxe2 Kxe2 67. Kb5 Kf3 68. a5 Kg3 69. a6 Kxh3 70. a7 Kh2 71. a8=Q h3 72. Qa2+ Kg1 73. Qb1+ Kg2 74. Qc2+ Kg1 75. Qd1+ Kg2 76. Qe2+ Kg1 77. Qe3+ Kg2 78. Qg5+ Kf1 79. Qg3 Ke2 80. Qxh3 Kf2 81. Kc4 Ke2 82. Qd3+ Ke1 83. Qc2 Kf1 84. Kd3 Kg1 85. Ke3 Kh1 86. Kf3 Kg1 87. Qg2# 1-0


[Site "https://www.chess.com"]

[Event "Titled Tuesday Blitz February 21 Early 2023"]
[White "Spata, German"]
[Black "Zacurdajev, Dmitry"]
[WhiteFideId "113026"]
[BlackFideId "4196309"]
[WhiteElo "2383"]
[BlackElo "2273"]
[Result "1/2-1/2"]
[Round "06"]
[TimeControl "180+2"]
[Date "2023.02.21"]
[WhiteClock "0:00:04"]
[BlackClock "0:00:05"]

1. Nf3 d5 2. b3 c5 3. Bb2 Nc6 4. e3 Bg4 5. Be2 Nf6 6. O-O e6 7. h3 Bxf3 8. Bxf3 Bd6 9. c4 Bc7 10. cxd5 Nxd5 11. Nc3 O-O 12. d4 Nxc3 13. Bxc3 cxd4 14. Bxd4 Nxd4 15. Qxd4 Qxd4 16. exd4 Rab8 17. d5 exd5 18. Bxd5 Rfd8 19. Rfd1 Be5 20. Rac1 b6 21. g3 Kf8 22. Be4 Ke7 23. Kg2 g6 24. h4 Rbc8 25. Rxc8 Rxc8 26. Kf3 f5 27. Bd3 Rd8 28. Ke2 Kf6 29. Rc1 Re8 30. Rc6+ Bd6+ 31. Kd1 Ke5 32. Be2 Bb4 33. f4+ Kd5 34. Bf3+ Kd4 35. Rc4+ Ke3 36. Bc6 Rd8+ 37. Kc1 Ba3+ 38. Kc2 Rd2+ 39. Kc3 Bb2+ 40. Kb4 a6 41. a4 Kf2 42. Bb7 Rd4 43. Bxa6 Kxg3 44. Rxd4 Bxd4 45. Bc4 Kxf4 46. Bg8 h6 47. Bh7 g5 48. hxg5 hxg5 49. Kc4 Be3 50. b4 g4 51. Kd3 g3 52. Bxf5 Kxf5 53. Kxe3 Ke5 54. Kf3 Kd5 55. a5 bxa5 56. bxa5 Kc5 57. Kxg3 Kb5 58. Kf4 Kxa5 1/2-1/2


[Site "https://www.chess.com"]

[Event "Titled Tuesday Blitz February 21 Early 2023"]
[White "Souleidis, Georgios"]
[Black "Kejna, Piotr"]
[WhiteFideId "4206827"]
[BlackFideId "21821704"]
[WhiteElo "2419"]
[BlackElo "2027"]
[Result "1-0"]
[Round "06"]
[TimeControl "180+2"]
[Date "2023.02.21"]
[WhiteClock "0:00:07"]
[BlackClock "0:00:02"]

1. e4 c5 2. Be2 Nc6 3. d3 g6 4. f4 Bg7 5. Nf3 Nf6 6. O-O O-O 7. c3 d6 8. Kh1 Rb8 9. Be3 b5 10. a3 a5 11. Nbd2 Bb7 12. d4 cxd4 13. cxd4 b4 14. d5 bxa3 15. bxa3 Ng4 16. Bg1 Bxa1 17. Qxa1 Nf6 18. Rc1 Rc8 19. dxc6 Bxc6 20. Bd3 Qd7 21. Bd4 Nh5 22. Be3 Qg4 23. h3 Qd7 24. Kh2 Qb7 25. Rb1 Qa8 26. f5 Rfd8 27. Bg5 Rd7 28. fxg6 hxg6 29. Rf1 Rb7 30. Bh4 f6 31. Qa2+ Kg7 32. Ng5 d5 33. Ne6+ Kh8 34. Nd4 Qb8+ 35. Kh1 dxe4 36. Nxc6 Rxc6 37. Bxe4 Rb2 38. Qf7 Rxd2 39. Qxg6 f5 40. Qxh5+ Kg7 41. Bxc6 Qd6 42. Qg5+ Kf8 43. Bf3 Qf6 44. Qxf6+ exf6 45. Bxf6 Kf7 46. Be5 Ra2 47. Bd6 Ke6 48. Bc5 Kd7 49. Rd1+ Kc7 50. Rc1 Kd8 51. h4 Ke8 52. h5 a4 53. Bb4 Kf7 54. Kh2 Kg7 55. Kg3 f4+ 56. Kxf4 Kh7 57. Kg3 Kh6 58. Rc6+ Kg5 59. Be7+ Kf5 60. Bb4 Kg5 61. Rc5+ Kh6 62. Kg4 Kh7 63. Rc6 Kh8 64. Kg5 Kh7 65. Rc7+ Kh8 66. Kg6 Rc2 67. Rxc2 Kg8 68. Rc8# 1-0


[Site "https://www.chess.com"]

[Event "Titled Tuesday Blitz February 21 Early 2023"]
[White "Wahedi, Ahmad Siar"]
[Black "Goroshkov, Maksym"]
[WhiteFideId "4651260"]
[BlackFideId "14142716"]
[WhiteElo "2274"]
[BlackElo "2287"]
[Result "0-1"]
[Round "06"]
[TimeControl "180+2"]
[Date "2023.02.21"]
[WhiteClock "0:00:37"]
[BlackClock "0:01:19"]

1. e4 e5 2. Nf3 d6 3. d4 Bg4 4. dxe5 Nd7 5. exd6 Bxd6 6. Be2 Ngf6 7. Nc3 Qe7 8. Bg5 O-O-O 9. Qd2 Bxf3 10. Bxf3 Ne5 11. Qe2 h6 12. Bh4 g5 13. Bg3 Kb8 14. h3 Nxf3+ 15. gxf3 Nh5 16. O-O-O Bxg3 17. fxg3 Nxg3 18. Qb5 Nxh1 19. Rxh1 c6 20. Qe2 Qe5 21. a3 f5 22. Kb1 Rhe8 23. h4 g4 24. fxg4 fxe4 25. Rg1 e3 26. g5 hxg5 27. hxg5 Rd2 28. Qg4 e2 29. Re1 Rd4 30. Qg2 Rd2 31. g6 Qf5 32. Ka1 Qxc2 33. Qg3+ Ka8 34. Na4 Rd1+ 35. Ka2 Qc4+ 36. b3 Qc2+ 37. Nb2 Qb1# 0-1


[Site "https://www.chess.com"]

[Event "Titled Tuesday Blitz February 21 Early 2023"]
[White "Pajeken, Jakob Leon"]
[Black "Martic, Ivan"]
[WhiteFideId "12942839"]
[BlackFideId "929301"]
[WhiteElo "2417"]
[BlackElo "2301"]
[Result "0-1"]
[Round "06"]
[TimeControl "180+2"]
[Date "2023.02.21"]
[WhiteClock "0:00:01"]
[BlackClock "0:00:04"]

1. e4 d6 2. d4 Nf6 3. Nc3 e5 4. Nf3 Nbd7 5. Bc4 Be7 6. a4 a5 7. h3 c6 8. O-O O-O 9. Re1 h6 10. d5 Re8 11. Nh4 Nf8 12. dxc6 bxc6 13. Qf3 Be6 14. Bxe6 Nxe6 15. Nf5 Bf8 16. Be3 Rb8 17. b3 Kh7 18. Rad1 g6 19. Ng3 Qe7 20. h4 h5 21. Nf1 Ng4 22. g3 Nxe3 23. fxe3 Bh6 24. Nd2 Red8 25. Nc4 Ra8 26. Rf1 Ra7 27. Kg2 Nc5 28. Rf2 Bg7 29. Rfd2 Bf8 30. Ne2 Qe6 31. Nc1 Be7 32. Nd3 Nd7 33. Nf2 Nf6 34. Rd3 d5 35. exd5 cxd5 36. e4 dxc4 37. Rxd8 Bxd8 38. Rxd8 Rc7 39. Rd2 Kg7 40. Re2 Qc6 41. Nd1 Rd7 42. Nc3 Rd4 43. Nb5 Rxe4 44. Rxe4 Nxe4 45. Nc3 f5 46. Nxe4 fxe4 47. Qc3 e3+ 48. Kg1 Qf3 49. Qxe5+ Kg8 50. Qe6+ Kg7 51. Qe7+ Kg8 52. Qe8+ Kg7 53. Qd7+ Kf6 54. Qd8+ Ke5 55. Qe7+ Kd4 56. Qg7+ Kc5 57. Qc7+ Kb4 58. Qxc4+ Ka3 59. Qf1 Qxg3+ 60. Kh1 Qxh4+ 61. Kg2 Qg4+ 62. Kh1 Qe4+ 63. Kg1 e2 64. Qa1+ Kb4 65. c3+ Kxb3 66. Qe1 Qe3+ 67. Kg2 Kxa4 68. Qa1+ Kb3 69. Qb1+ Kc4 70. Qa2+ Kxc3 71. Qa3+ Kd4 72. Qb2+ Ke4 73. Qb7+ Kd3 74. Qb3+ Kd2 75. Qb2+ Kd1 76. Qb1+ Qc1 77. Qd3+ Ke1 78. Kf3 Qc6+ 79. Kg3 Qc7+ 80. Kf3 Qf7+ 81. Kg3 Qf2+ 82. Kh3 Kf1 83. Qa6 Qf3+ 84. Kh2 Qg2# 0-1


[Site "https://www.chess.com"]

[Event "Titled Tuesday Blitz February 21 Early 2023"]
[White "Al-Tarboush, Ward"]
[Black "Manukyan, Sargis V."]
[WhiteFideId "7601450"]
[BlackFideId "13303465"]
[WhiteElo "2256"]
[BlackElo "2253"]
[Result "1-0"]
[Round "06"]
[TimeControl "180+2"]
[Date "2023.02.21"]
[WhiteClock "0:00:06"]
[BlackClock "0:00:09"]

1. e4 c5 2. Nf3 Nc6 3. d4 cxd4 4. Nxd4 g6 5. c4 Bg7 6. Be3 Nf6 7. Nc3 Ng4 8. Qxg4 Nxd4 9. Qd1 Ne6 10. Qd2 Qa5 11. Rc1 b6 12. Be2 Bb7 13. f3 d6 14. O-O g5 15. a3 Bxc3 16. Qxc3 Qxc3 17. Rxc3 Rc8 18. b4 Nf4 19. Bxf4 gxf4 20. Rfc1 e6 21. c5 dxc5 22. bxc5 bxc5 23. Rxc5 Rxc5 24. Rxc5 Kd7 25. Ra5 Ra8 26. e5 Kc6 27. Ra4 a5 28. Rxf4 Rf8 29. Bd3 Kd5 30. Ra4 Kxe5 31. Rxa5+ Kd4 32. Bxh7 Bd5 33. Be4 Bxe4 34. Ra4+ Kd3 35. Rxe4 Ra8 36. a4 Ra6 37. Kf2 f5 38. Rh4 e5 39. Rh5 Rf6 40. Rh8 Rd6 41. a5 e4 42. fxe4 fxe4 43. Rh3+ Kd2 44. Ra3 Rf6+ 45. Kg3 e3 46. Ra2+ Kd3 47. Ra3+ Kd2 48. Ra2+ Kd3 49. Kg4 e2 50. Rxe2 Kxe2 51. h4 Rg6+ 52. Kf5 Rxg2 53. h5 Ke3 54. h6 Rh2 55. Kg6 Kf4 56. h7 Ke5 57. a6 Rg2+ 58. Kf7 Rf2+ 59. Kg7 Rg2+ 60. Kf8 Rh2 61. Kg8 Rg2+ 62. Kf7 Rf2+ 63. Kg6 Rg2+ 64. Kh6 Rh2+ 65. Kg7 Rg2+ 66. Kh8 Kf6 67. a7 Ra2 68. Kg8 Rg2+ 69. Kf8 Rh2 70. a8=Q Kg6 71. Qc6+ Kxh7 72. Qe4+ Kh6 73. Qf4+ Kg6 74. Qxh2 1-0


[Site "https://www.chess.com"]